 Dungeon Crawl Stone Soup version 0.17.1-3-g152610e (webtiles) character file.

2932 Turin the Covert (level 9, -9/50 HPs)
             Began as a Vine Stalker Assassin on Mar 26, 2016.
             Was an Elder of Dithmenos.
             Killed from afar by an electric eel (12 damage)
             ... with a bolt of electricity
             ... on level 7 of the Dungeon.
             The game lasted 00:54:24 (6533 turns).

Turin the Covert (Vine Stalker Assassin)            Turns: 6533, Time: 00:54:25

Health: -9/50      AC:  8    Str: 16      XL:     9   Next: 80%
Magic:  0/15       EV: 16    Int: 11      God:    Dithmenos [****..]
Gold:   354        SH:  0    Dex: 17 (19) Spells: 1 memorised, 12 levels left

rFire  . . .     SeeInvis .     k - +3 dagger (venom)
rCold  + . .     Clarity  .     D - +0 robe
rNeg   . . .     SustAt   .     (no shield)
rPois  .         Gourm    .     o - +0 helmet
rElec  .         Spirit   +     d - +2 cloak
rCorr  .         Warding  .     A - +0 pair of gloves
rMut   .         Stasis   +     x - +0 pair of boots
MR     +....                    h - amulet of stasis
Stlth  +++++++...               (no ring)
                                Q - ring of protection from cold

@: wreathed by umbra, somewhat resistant to hostile enchantments, extremely
stealthy
A: fangs 3, regeneration 2, robust 1, strong 1, magic shield, antimagic bite, no
device heal 3, rot immunity
a: Shadow Step, Renounce Religion


You were on level 7 of the Dungeon.
You worshipped Dithmenos.
Dithmenos was greatly pleased with you.
You were not hungry.

You visited 1 branch of the dungeon, and saw 7 of its levels.

You collected 354 gold pieces.

Inventory:

Hand Weapons
 a - a +2 dagger
 k - a +3 dagger of venom (weapon)
 l - a +0 blowgun
 B - a +0 short sword
 I - a +0 hunting sling
 N - a +0 hunting sling of freezing
 U - a +0 falchion
Missiles
 e - 46 poisoned needles
 f - 2 curare-tipped needles
Armour
 d - a +2 cloak (worn)
 m - a +0 animal skin
 o - a +0 helmet (worn)
 q - a +0 helmet
 s - a +0 cloak
 x - a +0 pair of boots (worn)
 A - a +0 pair of gloves (worn)
 D - a +0 robe (worn)
 H - a +0 robe
 M - a +0 robe
 V - a +0 leather armour
 Y - a +0 robe
Jewellery
 h - an amulet of stasis (around neck)
 i - an uncursed amulet of clarity {unknown}
 O - an uncursed amulet of stasis
 Q - a ring of protection from cold (left hand)
 Z - a +2 ring of dexterity {unknown}
Wands
 b - a wand of flame (20)
 n - a wand of magic darts (2)
 y - a wand of fireball (5)
 C - a wand of digging (0)
 E - a wand of confusion (14)
 W - a wand of slowing (12)
Scrolls
 j - a scroll of amnesia
 u - a scroll of teleportation
 z - a scroll of noise
 F - 2 scrolls of enchant armour
Potions
 c - 2 potions of invisibility
 g - 2 potions of lignification
 J - 3 potions of brilliance
 S - a potion of agility
 X - a potion of flight
Books
 R - a book of Burglary

   Spells                             Type                      Level
   a - Swiftness                      Charms/Air                   2
   b - Passwall                       Transmutation/Earth          3
   c - Passage of Golubria            Translocation                4
   d - Lee's Rapid Deconstruction     Earth                        5
   e - Darkness                       Hexes                        6
   f - Invisibility                   Hexes                        6
 T - a book of Clouds

   Spells                             Type                      Level
   a - Mephitic Cloud                 Conjuration/Poison/Air       3
   b - Conjure Flame                  Conjuration/Fire             3
   c - Poisonous Cloud                Conjuration/Poison/Air       6
   d - Freezing Cloud                 Conjuration/Ice/Air          6
   e - Ring of Flames                 Charms/Fire                  7
Comestibles
 r - 3 meat rations
 t - 2 slices of pizza
 v - 3 fruits
 w - 2 royal jellies
 K - a bread ration


   Skills:
 + Level 4.5 Fighting
 + Level 6.2 Short Blades
 + Level 3.6 Throwing
 + Level 2.7 Armour
 + Level 6.1 Dodging
 + Level 10.1 Stealth
 + Level 3.2 Unarmed Combat
 + Level 3.3 Spellcasting
 + Level 3.3 Invocations
 + Level 2.9 Evocations


You had 12 spell levels left.
You knew the following spells:

 Your Spells              Type           Power        Failure   Level  Hunger
a - Swiftness             Chrm/Air       #.......     43%         2    ###....


Dungeon Overview and Level Annotations

Branches:
Dungeon (7/15)             Temple (0/1) D:4

Altars:
Cheibriados
Dithmenos
Elyvilon
Gozag
Kikubaaqudgha
Qazlal
Xom
Yredelemnul
The Shining One

Annotations:
D:3 riffraff's ghost, amateur MiFi


Innate Abilities, Weirdness & Mutations

You have razor-sharp teeth.
You heal very quickly.
When hurt, damage is shared between your health and your magic reserves.
Your bite disrupts and absorbs the magic of your enemies.
Potions and wands cannot restore your health.
You are immune to rotting.
You are robust (+10% HP).
Your muscles are strong. (Str +2)


Message History

The electric eel completely resists.
You see here 9 gold pieces.
There are monsters nearby!
There are monsters nearby!
The electric eel shoots out a bolt of lightning at you!
The bolt of electricity hits you!
An electric eel comes into view.
The electric eel shoots out a bolt of lightning at you!
The bolt of electricity hits you!
There is a large open door here.
The electric eel shoots out a bolt of lightning at you!
The bolt of electricity hits you!
* * * LOW HITPOINT WARNING * * *
The bolt of electricity hits you!
* * * LOW HITPOINT WARNING * * *
The electric eel shoots out a bolt of lightning at you!
The bolt of electricity hits you!
* * * LOW HITPOINT WARNING * * *
The bolt of electricity hits you!
You die...

..# ≈≈≈≈≈≈..≈≈≈≈≈≈≈
..# ≈≈≈≈≈≈..≈≈≈≈≈≈≈ #
..# ≈≈≈≈≈≈..≈≈≈≈≈≈≈
### ..#
≈;≈≈≈≈..≈≈≈≈≈≈# ###..
..# #≈≈≈≈≈..≈≈≈≈≈#
###.... ..#
#≈≈≈≈.$≈≈≈≈# ###....##
..#
##≈;≈..;≈≈#####...####
.## ####''####.#...###
## #.@####...### #
#.†.....[##
#######.#.....#
#.......# #.......#
#.......# ........#
.......## .......#


You could see 3 electric eels.

Vanquished Creatures
  Sigmund (D:4)
  Eustachio (D:6)
  Menkaure (D:6)
  Edmund (D:4)
  An orc warrior (D:6)
  3 sky beasts
  A centaur (D:7)
  2 phantoms (D:6)
  Blork the orc (D:5)
  A giant frog (D:7)
  A wyvern skeleton (D:5)
  2 scorpions
  A quasit (D:6)
  A crimson imp (D:5)
  7 orc priests
  A gnoll shaman (D:6)
  6 orc wizards
  Ijyb (D:3)
  A hound (D:6)
  A centaur skeleton (D:4)
  2 jellies (D:5)
  7 worker ants
  Jessica (D:3)
  Natasha (thrice) (D:3)
  3 iguanas
  2 hound skeletons
  Robin (D:3)
  10 gnolls
  A shadow imp (D:5)
  11 adders
  An ooze (D:4)
  4 worms
  3 giant geckos
  33 orcs
  8 giant cockroaches
  18 goblins
  13 hobgoblins
  5 jackals
  3 quokkas
  4 ball pythons
  9 bats
  A giant gecko skeleton (D:5)
  6 giant newts
  6 kobolds
  6 rats
196 creatures vanquished.

Notes
Turn   | Place    | Note
--------------------------------------------------------------
     0 | D:1      | Turin the Vine Stalker Assassin began the quest for the Orb.
     0 | D:1      | Reached XP level 1. HP: 11/11 MP: 2/2
    79 | D:1      | Reached skill level 1 in Dodging
   114 | D:1      | Reached XP level 2. HP: 12/15 MP: 3/3
   235 | D:1      | Reached skill level 5 in Stealth
   549 | D:1      | Reached XP level 3. HP: 16/18 MP: 4/4
   917 | D:2      | Found a shadowy altar of Dithmenos.
   937 | D:2      | Became a worshipper of Dithmenos the Shadowed
   978 | D:2      | Found a snail-covered altar of Cheibriados.
  1070 | D:2      | Reached XP level 4. HP: 20/23 MP: 5/5
  1451 | D:3      | Gained mutation: You are robust (+10% HP). [potion of mutation]
  1451 | D:3      | Gained mutation: Your muscles are strong. (Str +2) [potion of mutation]
  1492 | D:3      | Found a basalt altar of Yredelemnul.
  1533 | D:3      | Found a shimmering altar of Xom.
  1539 | D:3      | Noticed Jessica
  1540 | D:3      | Noticed Natasha
  1540 | D:3      | Noticed riffraff's ghost (amateur MiFi)
  1562 | D:3      | Found a stormy altar of Qazlal.
  1639 | D:3      | Reached * piety under Dithmenos
  1669 | D:3      | Killed Natasha
  1669 | D:3      | Reached skill level 6 in Stealth
  1669 | D:3      | Reached XP level 5. HP: 28/28 MP: 6/6
  1702 | D:3      | Noticed Robin
  1758 | D:3      | Killed Jessica
  1944 | D:3      | Killed Robin
  2072 | D:3      | Reached skill level 5 in Short Blades
  2072 | D:3      | Reached skill level 8 in Stealth
  2072 | D:3      | Gained mutation: You heal very quickly. [Vine Stalker growth]
  2072 | D:3      | Reached XP level 6. HP: 33/36 MP: 6/12
  2086 | D:3      | Noticed Natasha
  2101 | D:3      | Killed Natasha
  2198 | D:3      | Found an opulent altar of Gozag.
  2278 | D:3      | Noticed Ijyb
  2297 | D:3      | Killed Ijyb
  2297 | D:3      | Reached XP level 7. HP: 40/40 MP: 13/13
  2493 | D:3      | Noticed Natasha
  2518 | D:3      | Killed Natasha
  2518 | D:3      | Reached ** piety under Dithmenos
  2801 | D:4      | Noticed Sigmund
  2806 | D:4      | Killed Sigmund
  3156 | D:4      | Noticed Edmund
  3212 | D:4      | Killed Edmund
  3285 | D:4      | Gained mutation: You have razor-sharp teeth. [Vine Stalker growth]
  3285 | D:4      | Reached XP level 8. HP: 46/46 MP: 14/14
  3856 | D:4      | Found a staircase to the Ecumenical Temple.
  3948 | D:5      | Entered Level 5 of the Dungeon
  3971 | D:5      | Reached skill level 9 in Stealth
  3991 | D:5      | Found a glowing golden altar of the Shining One.
  4193 | D:5      | Reached skill level 5 in Dodging
  4346 | D:5      | Noticed Blork the orc
  4348 | D:5      | Killed Blork the orc
  4380 | D:5      | Reached *** piety under Dithmenos
  4671 | D:5      | Reached XP level 9. HP: 50/50 MP: 15/15
  4809 | D:6      | Found an ancient bone altar of Kikubaaqudgha.
  4916 | D:6      | Noticed Menkaure
  4929 | D:6      | Killed Menkaure
  4938 | D:6      | Learned a level 2 spell: Swiftness
  5013 | D:6      | Noticed Eustachio
  5070 | D:6      | Killed Eustachio
  5693 | D:6      | Reached **** piety under Dithmenos
  5719 | D:6      | Reached skill level 10 in Stealth
  5929 | D:6      | Found a glowing golden altar of the Shining One.
  5929 | D:6      | Found a white marble altar of Elyvilon.
  6533 | D:7      | Killed from afar by an electric eel

Action                   |  1- 3 |  4- 6 |  7- 9 || total
-------------------------+-------+-------+-------++-------
Melee: Dagger            |   101 |   105 |   312 ||   518
  Use: Potion            |       |    10 |     3 ||    13
       Scroll            |       |     8 |     8 ||    16
 Stab: Sleeping          |     7 |    12 |    22 ||    41
       Distracted        |       |     1 |     4 ||     5
       Invisible         |       |     1 |       ||     1
  Eat: Bread ration      |       |     1 |     1 ||     2
       Beef jerky        |       |     1 |       ||     1
       Meat ration       |       |       |     2 ||     2
